 Dungeon Crawl Stone Soup version 0.26.0-10-g1f06aea511 (webtiles) character file.

Game seed: 6603385381300341448

315 Borgoz the Skirmisher (level 6, -4/53 HPs)
             Began as a Ghoul Gladiator on Jan 14, 2021.
             Slain by a bullfrog (6 damage)
             ... in a sewer.
             The game lasted 00:03:48 (2748 turns).

Borgoz the Skirmisher (Ghoul Gladiator)             Turns: 2748, Time: 00:03:49

Health: -4/53      AC:  7    Str: 20      XL:     6   Next: 43%
Magic:  5/5        EV:  8    Int:  2 (3)  God:
Gold:   89         SH:  0    Dex: 14 (16) Spells: 5/5 levels left

rFire    . . .     SeeInvis .   a - +0 long sword
rCold    + . .     Faith    .   (no shield)
rNeg     + + +     Spirit   .   e - +0 scale mail
rPois    ∞         Reflect  .   c - +0 helmet
rElec    .         Harm     .   (no cloak)
rCorr    .         Rampage  .   (no gloves)
Will     .....                  (no boots)
Stlth    ..........             q - amulet of the acrobat
HPRegen  0.00/turn              f - +6 ring of dexterity
MPRegen  0.09/turn              (no ring)

@: about to teleport, constricted
A: claws 1, cold resistance 1, negative energy resistance 3, inhibited
regeneration, torment resistance, unbreathing
a: no special abilities


You were in a sewer.
You visited 1 branch of the dungeon, and saw 3 of its levels.
You also visited: Sewer.

You collected 89 gold pieces.

Inventory:

Hand Weapons
 a - a +0 long sword (weapon)
Missiles
 d - 3 throwing nets (quivered)
Armour
 c - a +0 helmet (worn)
 e - a +0 scale mail (worn)
Jewellery
 f - a +6 ring of dexterity (left claw)
 q - an amulet of the acrobat (around neck)
Scrolls
 g - a scroll of remove curse
 k - a scroll of identify {unknown}
 o - a scroll of teleportation
 r - 2 scrolls of fog {unknown}
Potions
 b - 2 potions of might
 h - a potion of resistance {unknown}
 i - a potion of berserk rage {unknown}
 j - 2 potions of attraction {unknown}
 m - a potion of heal wounds {unknown}
 n - 2 potions of curing {unknown}
 p - a potion of flight {unknown}


   Skills:
 + Level 4.4 Fighting
 + Level 4.3 Long Blades
 - Level 1.7 Throwing
 + Level 2.8 Armour
 - Level 2.8 Dodging


You had 5 spell levels left.
You didn't know any spells.
Your spell library was empty.

Dungeon Overview and Level Annotations

Branches:
Dungeon (3/15)              Sewer (1/1)

Altars:


Innate Abilities, Weirdness & Mutations

You thrive by killing the living.
You are immune to poison.
You have sharp fingernails.
Your flesh is cold resistant. (rC+)
You are immune to negative energy. (rN+++)
You do not regenerate when monsters are visible.
You are immune to unholy pain and torment.
You can survive without breathing.


Message History

You feel dopey.
Your body decomposes!
You feel clumsy. The bullfrog hits you.
* * * LOW HITPOINT WARNING * * *
The ball python bites you but does no damage.
The ball python grabs you. The ball python constricts you.
The ball python bites you but does no damage.
The bullfrog hits you.
* * * LOW HITPOINT WARNING * * *
The adder closely misses you.
The bullfrog hits you but does no damage.
Okay, then.
As you read the scroll of teleportation, it crumbles to dust.
You feel strangely unstable. The bullfrog hits you.
* * * LOW HITPOINT WARNING * * *
The adder bites you.
* * * LOW HITPOINT WARNING * * *
The bullfrog hits you.
You die...

####################
..≈J≈≈≈≈S≈≈≈≈≈≈≈≈#.###
..≈≈≈≈≈lF@≈#≈≈≈≈≈≈...##
..≈≈≈≈≈≈SSF≈≈≈≈≈≈≈....#
.≈≈≈≈≈≈≈≈≈≈≈≈≈≈≈≈.....#
..≈≈≈≈≈≈≈≈≈≈≈≈≈≈≈≈....##
.#≈≈≈≈≈≈≈≈≈≈≈≈≈≈≈#.....#
##################....#
####...## #..#....#
#..'....#


You could see 2 bullfrogs, an ooze, an adder, 2 ball pythons and a frilled
lizard.

Vanquished Creatures
  Natasha (D:3)
  9 river rats
  12 adders
  3 oozes
  3 dart slugs (D:2)
  A leopard gecko (D:2)
  An orc (D:3)
  9 ball pythons
  4 giant cockroaches
  4 goblins
  7 hobgoblins
  A jackal (D:2)
  3 quokkas (D:2)
  5 bats
  6 frilled lizards
  5 kobolds
  25 rats
99 creatures vanquished.

Notes
Turn   | Place    | Note
-------+----------+-------------------------------------------
     0 | D:1      | Borgoz the Ghoul Gladiator began the quest for the Orb.
     0 | D:1      | Reached XP level 1. HP: 17/17 MP: 0/0
   145 | D:1      | Reached XP level 2. HP: 22/25 MP: 1/1
   588 | D:1      | Reached XP level 3. HP: 30/30 MP: 2/2
   714 | D:2      | Reached skill level 1 in Armour
   978 | D:2      | Reached XP level 4. HP: 33/38 MP: 3/3
  1469 | D:2      | Reached XP level 5. HP: 32/45 MP: 4/4
  1796 | D:3      | Noticed Natasha
  1807 | D:3      | Killed Natasha
  1899 | D:3      | Found a glowing drain.
  1978 | Sewer    | Entered a sewer
  2168 | Sewer    | Reached XP level 6. HP: 26/52 MP: 5/5
  2748 | Sewer    | HP: 2/53 [adder (1)]
  2748 | Sewer    | Slain by a bullfrog

Illustrated notes

Levels and vault maps discovered:
D:1:      lightli_arrival_statue_moat, layout_loops_ring, kennysheep_boxes
D:2:      layout_basic, hangedman_decor_slide_cut, minmay_quadrilaterals
D:3:      layout_basic, nicolae_overflow_hidden_temple, portal_sewer_entry_b,
          uniq_natasha, uniq_grinder, uniq_robin
Sewer:    sewer_minmay_w

Skill      XL: |  1  2  3  4  5 |
---------------+----------------+-----
Long Blades    | 3 4 |  4.3
Fighting       | 3 4 |  4.4
Armour         | 1 2 |  2.8
Throwing       | |  1.7
Dodging        | |  2.8

Action                   |  1- 3 |  4- 6 || total
-------------------------+-------+-------++-------
Melee: Long sword        |    75 |   270 ||   345
  Use: Scroll            |       |     5 ||     5
       Potion            |       |     4 ||     4
Armor: Leather armour    |    18 |       ||    18
       Scale mail        |    25 |   208 ||   233
Dodge: Dodged            |    64 |   341 ||   405
       Rpst.: Long sword |    26 |    98 ||   124
